 Dungeon Crawl Stone Soup version 0.28.0-43-g3370ac3207 (webtiles) character file.

Game seed: 10512875132410036537

590 CryoSword the Grasshopper (level 7, -31/56 HPs)
             Began as a Gnoll Warper on Mar 21, 2022.
             Was an Initiate of Gozag.
             Killed from afar by a gnoll (48 damage)
             ... with a bolt of acid
             ... on level 5 of the Dungeon.
             The game lasted 00:09:08 (5688 turns).

CryoSword the Grasshopper (Gnoll Warper)            Turns: 5688, Time: 00:09:08

Health: -31/56     AC:  3    Str: 12    XL:     7   Next: 38%
Magic:  15/15      EV: 13    Int: 12    God:    Gozag
Gold:   69         SH:  0    Dex: 12    Spells: 9/17 levels left

rFire   . . .      SeeInvis .   l - +3 club (spect)
rCold   + . .      Faith    .   (no shield)
rNeg    . . .      Spirit   .   b - +0 leather armour
rPois   .          Reflect  .   (no helmet)
rElec   .          Harm     .   (no cloak)
rCorr   .          Rampage  .   (no gloves)
Will    .....                   (no boots)
Stlth   ++........              (no amulet)
HPRegen 0.18/turn               s - ring of protection from cold
MPRegen 0.14/turn               (no ring)

@: no status effects
A: fangs 1, strong nose, distributed training
a: Renounce Religion, Potion Petition, Call Merchant, Bribe Branch


You were on level 5 of the Dungeon.
You worshipped Gozag.
Gozag was noncommittal.
You visited 2 branches of the dungeon, and saw 6 of its levels.
You also visited: Sewer.

You collected 115 gold pieces.
You paid 46 gold pieces to Gozag.

Inventory:

Hand Weapons
 a - a +0 spear
 l - a +3 spectral club (weapon)
   (You took it off Jessica on level 2 of the Dungeon)
Missiles
 d - 5 boomerangs of dispersal (quivered) {!f}
 t - 2 poisoned darts
Armour
 b - a +0 leather armour (worn)
Jewellery
 s - a ring of protection from cold (left hand)
   (You found it on level 4 of the Dungeon)
Scrolls
 c - 3 scrolls of blinking
 g - a scroll of teleportation {unknown}
 k - 2 scrolls of enchant weapon
 q - a scroll of torment {unknown}
 u - a scroll of brand weapon {unknown}
 v - a scroll of identify {@r1}
Potions
 e - 2 potions of invisibility
 f - 4 potions of mutation {!q}
 h - a potion of degeneration {unknown}
 i - 5 potions of heal wounds {@q2}
 j - 2 potions of resistance
 m - a potion of lignification {!q}
 n - 2 potions of magic
 o - a potion of curing {@q1}
 p - a potion of haste {@q3}
 r - a potion of brilliance {unknown}


   Skills:
 + Level 5.2 Fighting
 + Level 2.4 Short Blades
 + Level 2.4 Long Blades
 + Level 2.4 Axes
 + Level 2.4 Maces & Flails
 + Level 5.2 Polearms
 + Level 2.4 Staves
 + Level 2.4 Slings
 + Level 2.4 Bows
 + Level 2.4 Crossbows
 + Level 3.6 Throwing
 + Level 3.6 Armour
 + Level 5.2 Dodging
 + Level 2.4 Stealth
 + Level 2.4 Shields
 + Level 2.4 Unarmed Combat
 + Level 5.6 Spellcasting
 + Level 2.0 Conjurations
 + Level 2.0 Hexes
 + Level 2.0 Summonings
 + Level 2.0 Necromancy
 + Level 5.8 Translocations
 + Level 2.0 Transmutations
 + Level 2.0 Fire Magic
 + Level 2.0 Ice Magic
 + Level 2.0 Air Magic
 + Level 2.0 Earth Magic
 + Level 2.0 Poison Magic
 + Level 2.7 Invocations
 + Level 2.4 Evocations


You had 9 spell levels left.
You knew the following spells:

 Your Spells              Type           Power      Damage    Failure   Level
a - Blink                 Tloc           34%        N/A       3%          2
b - Gell's Gravitas       Tloc           17%        N/A       6%          3
c - Teleport Other        Tloc           17%        N/A       6%          3

Your spell library contained the following spells:

 Spells                   Type           Power      Damage    Failure   Level
 Lesser Beckoning         Tloc           17%        N/A       6%          3
 Shock                    Conj/Air       32%        1d5       11%         1
 Summon Small Mammal      Summ           32%        N/A       11%         1
 Call Canine Familiar     Summ           8%         N/A       30%         3
 Summon Guardian Golem    Hex/Summ       8%         N/A       30%         3
 Swiftness                Air            8%         N/A       30%         3
 Manifold Assault         Tloc           17%        N/A       52%         5
 Airstrike                Air            4%         N/A       71%         4


Dungeon Overview and Level Annotations

Branches:
Dungeon (5/15)             Temple (1/1) D:5           Sewer (visited)

Altars:
Cheibriados
Fedhas
Gozag
Kikubaaqudgha
Makhleb
Nemelex Xobeh
Qazlal
Ru
Sif Muna
Trog
Uskayaw
Vehumet
Xom
Yredelemnul
Zin
The Shining One


Innate Abilities, Weirdness & Mutations

You have very sharp teeth.
Your uncanny sense of smell can sniff out nearby items.
Your experience applies equally to all skills.


Message History

You sock the water moccasin zombie!
You punch the water moccasin zombie, but do no damage.
Your +3 spectral club hits the water moccasin zombie!
You feel sick. The adder completely misses you.
The water moccasin zombie misses you. The adder barely misses you.
You hit the water moccasin zombie.
Your +3 spectral club barely misses the water moccasin zombie.
You feel sick.
The water moccasin zombie barely misses you.
The adder bites you. The water moccasin zombie misses you.
You hit the water moccasin zombie.
You destroy the water moccasin zombie!
You feel sick.
You are no longer poisoned.
The adder closely misses you. x2
Your Conjurations skill increases to level 2!
Your Hexes skill increases to level 2!
Your Summonings skill increases to level 2!
Your Necromancy skill increases to level 2!
Your Transmutations skill increases to level 2!
Your Fire Magic skill increases to level 2!
Your Ice Magic skill increases to level 2!
Your Air Magic skill increases to level 2!
Your Earth Magic skill increases to level 2!
Your Poison Magic skill increases to level 2!
You closely miss the adder.
Your +3 spectral club completely misses the adder.
The adder misses you.
You barely miss the adder. Your bite misses the adder.
Your +3 spectral club closely misses the adder.
The adder bites you.
You are poisoned.
The adder poisons you! The adder barely misses you.
You barely miss the adder.
Your +3 spectral club barely misses the adder.
You feel sick.
A hound comes into view.
The adder bites you.
You are more poisoned.
The adder poisons you!
Unknown command.
You closely miss the adder.
Your +3 spectral club hits the adder.
You feel very sick. The adder barely misses you.
The hound closely misses your +3 spectral club.
You closely miss the adder.
Your +3 spectral club hits the adder!
You kill the adder!
You feel sick.
The hound misses your +3 spectral club.
The hound completely misses your +3 spectral club.
You feel sick. The hound bites you but does no damage.
You hit the hound.
Your +3 spectral club hits the hound.
You feel sick.
The hound bites your +3 spectral club.
Your spectral weapon shares its damage with you!
The hound bites your +3 spectral club but does no damage.
You hit the hound.
Your +3 spectral club hits the hound!
You kill the hound!
You feel sick.
You feel sick.
You feel sick.
You are no longer poisoned.
You see here a +0 falchion.
You start resting.
Found a stone staircase leading up.
Found a staircase to the Ecumenical Temple.
A gnoll comes into view.
It is wielding a +0 great sword and carrying a wand of acid (14).
Found a falchion.
There is a staircase to the Ecumenical Temple here.
You climb downwards.
Welcome to the Ecumenical Temple!
Found a shimmering blue altar of Sif Muna and a stormy altar of Qazlal.
There is a staircase back to the Dungeon here.
Found a shimmering altar of Xom.
You enter the shallow water.
Moving in this stuff is going to be slow.
Found a sparkling altar of Nemelex Xobeh.
You enter the shallow water.
Moving in this stuff is going to be slow.
Found a radiant altar of Vehumet.
There is a fountain of sparkling water here.
Found a sacrificial altar of Ru.
You enter the shallow water.
Moving in this stuff is going to be slow.
Found a glowing silver altar of Zin.
There is a radiant altar of Vehumet here.
Found a bloodstained altar of Trog.
You enter the shallow water.
Moving in this stuff is going to be slow.
Found a basalt altar of Yredelemnul.
You enter the shallow water.
Moving in this stuff is going to be slow.
Found an ancient bone altar of Kikubaaqudgha.
You enter the shallow water.
Moving in this stuff is going to be slow.
There is a bloodstained altar of Trog here.
You enter the shallow water.
Moving in this stuff is going to be slow.
You enter the shallow water.
Moving in this stuff is going to be slow.
You enter the shallow water.
Moving in this stuff is going to be slow.
Found a blossoming altar of Fedhas.
You enter the shallow water.
Moving in this stuff is going to be slow.
There is a blossoming altar of Fedhas here.
You enter the shallow water.
Moving in this stuff is going to be slow.
Found a glowing golden altar of the Shining One.
Found a hide-covered altar of Uskayaw.
You enter the shallow water.
Moving in this stuff is going to be slow.
Found an opulent altar of Gozag.
You enter the shallow water.
Moving in this stuff is going to be slow.
Found a burning altar of Makhleb.
Found a snail-covered altar of Cheibriados.
There is an opulent altar of Gozag here.
You kneel at the altar of Gozag.
Gozag welcomes you!
You pay a service fee of 46 gold.
You enter the shallow water.
Moving in this stuff is going to be slow.
There is a hide-covered altar of Uskayaw here.
You enter the shallow water.
Moving in this stuff is going to be slow.
There is a staircase back to the Dungeon here.
You climb upwards.
Welcome back to the Dungeon!
A gnoll comes into view. It is wielding a +0 club.
There is a staircase to the Ecumenical Temple here.
The gnoll closely misses you.
The gnoll shouts! x2
You hit the gnoll.
Your +3 spectral club barely misses the gnoll.
The gnoll hits you with a +0 great sword!
You hit the gnoll. Your bite misses the gnoll.
Your +3 spectral club hits the gnoll but does no damage.
The gnoll zaps a wand.
The bolt of acid hits you!!
Ouch! That really hurt!
* * * LOW HITPOINT WARNING * * *
Unknown command.
The gnoll zaps a wand.
The bolt of acid misses you.
A gnoll comes into view.
It is wielding a +0 spear and carrying a wand of paralysis (10).
The gnoll shouts!
The gnoll completely misses you.
Found 15 sling bullets.
The gnoll zaps a wand.
The bolt of acid hits you!!!
Ouch! That really hurt!
You die...
Your body crumbles into a pile of gold.

# .. . ∆ # #.# .# # ##
##.##.# ## ##.###.##
...... #.
..)....@###g..# #.
.#.#..#..##...# #. #
#... #...#...# #. #.#..#
#.#.....# #.
.....###..ggg.###### #.
.(#...#...#........####.
$ .
#.....#........).....
##.>.#####......###..
#.....#gg..###### #..


You could see 3 gnolls.

Vanquished Creatures
  A necrophage (D:4)
  A water moccasin zombie (D:5)
  A howler monkey (D:5)
  2 hounds
  2 jellies (Sewer)
  Jessica (D:2)
  4 gnolls (D:4)
  6 adders
  4 river rats
  A white imp (D:5)
  7 worms
  2 dart slugs
  3 orcs (D:2)
  11 endoplasms
  5 giant cockroaches
  8 goblins
  9 hobgoblins
  6 kobolds
  2 quokkas (D:1)
  14 ball pythons
  6 bats
  4 frilled lizards (Sewer)
  12 rats
112 creatures vanquished.

Notes
Turn   | Place    | Note
-------+----------+-------------------------------------------
     0 | D:1      | CryoSword the Gnoll Warper began the quest for the Orb.
     0 | D:1      | Reached XP level 1. HP: 20/20 MP: 6/6
   223 | D:1      | Reached XP level 2. HP: 26/26 MP: 7/7
   226 | D:1      | Learned a level 2 spell: Blink
   585 | D:1      | Reached XP level 3. HP: 30/31 MP: 9/9
   639 | D:1      | Found a faded altar of an unknown god.
   652 | D:1      | Reached skill level 5 in Spellcasting
  1099 | D:2      | Found an ancient bone altar of Kikubaaqudgha.
  1137 | D:2      | Reached skill level 1 in Invocations
  1514 | D:2      | Reached skill level 1 in Short Blades
  1514 | D:2      | Reached skill level 1 in Long Blades
  1514 | D:2      | Reached skill level 1 in Axes
  1514 | D:2      | Reached skill level 1 in Maces & Flails
  1514 | D:2      | Reached skill level 1 in Staves
  1514 | D:2      | Reached skill level 1 in Slings
  1514 | D:2      | Reached skill level 1 in Bows
  1514 | D:2      | Reached skill level 1 in Crossbows
  1514 | D:2      | Reached skill level 1 in Stealth
  1514 | D:2      | Reached skill level 1 in Shields
  1514 | D:2      | Reached skill level 1 in Unarmed Combat
  1514 | D:2      | Reached skill level 1 in Evocations
  1739 | D:2      | Reached XP level 4. HP: 36/38 MP: 11/11
  2184 | D:2      | Noticed Jessica
  2216 | D:2      | Learned a level 3 spell: Gell's Gravitas
  2220 | D:2      | Learned a level 3 spell: Teleport Other
  2372 | D:2      | Killed Jessica
  2373 | D:2      | Reached skill level 1 in Conjurations
  2373 | D:2      | Reached skill level 1 in Hexes
  2373 | D:2      | Reached skill level 1 in Summonings
  2373 | D:2      | Reached skill level 1 in Necromancy
  2373 | D:2      | Reached skill level 1 in Transmutations
  2373 | D:2      | Reached skill level 1 in Fire Magic
  2373 | D:2      | Reached skill level 1 in Ice Magic
  2373 | D:2      | Reached skill level 1 in Air Magic
  2373 | D:2      | Reached skill level 1 in Earth Magic
  2373 | D:2      | Reached skill level 1 in Poison Magic
  2769 | D:3      | Reached XP level 5. HP: 43/43 MP: 12/12
  2970 | D:3      | Found a glowing drain.
  3110 | Sewer    | Entered a sewer
  3568 | Sewer    | Found a viscous altar of Jiyva.
  3572 | Sewer    | Reached XP level 6. HP: 32/50 MP: 13/13
  4389 | D:4      | Noticed a necrophage
  4583 | D:4      | Reached skill level 5 in Fighting
  4583 | D:4      | Reached skill level 5 in Polearms
  4583 | D:4      | Reached skill level 5 in Dodging
  4750 | D:4      | Killed a necrophage
  4945 | D:4      | Reached XP level 7. HP: 56/56 MP: 15/15
  5258 | D:5      | Entered Level 5 of the Dungeon
  5566 | D:5      | Found a staircase to the Ecumenical Temple.
  5571 | Temple   | Entered the Ecumenical Temple
  5655 | Temple   | Became a worshipper of Gozag Ym Sagoz the Greedy
  5688 | D:5      | Killed from afar by a gnoll

Illustrated notes

Levels and vault maps discovered:
D:1:      minmay_arrival_wavy_path, layout_basic,
          dreamdust_ecumenical_altar_angels_and_demons, hangedman_decor_growths
D:2:      layout_loops_corners, basic_altar, minmay_splitting_lines,
          guppyfry_early_orc_mine, uniq_jessica
D:3:      layout_loops_ring, portal_sewer_entry_b
D:4:      layout_basic
D:5:      layout_loops_cross, minmay_temple_entry_arrows
Temple:   regret_index_temple_mists

Skill      XL: |  1  2  3  4  5  6  7 |
---------------+----------------------+-----
Spellcasting   | 5 |  5.6
Invocations    | 1 2 |  2.7
Short Blades   | 1 2 |  2.4
Long Blades    | 1 2 |  2.4
Axes           | 1 2 |  2.4
Maces & Flails | 1 2 |  2.4
Staves         | 1 2 |  2.4
Slings         | 1 2 |  2.4
Bows           | 1 2 |  2.4
Crossbows      | 1 2 |  2.4
Stealth        | 1 2 |  2.4
Shields        | 1 2 |  2.4
Unarmed Combat | 1 2 |  2.4
Evocations     | 1 2 |  2.4
Conjurations   | 1 2 |  2.0
Hexes          | 1 2 |  2.0
Summonings     | 1 2 |  2.0
Necromancy     | 1 2 |  2.0
Transmutations | 1 2 |  2.0
Fire Magic     | 1 2 |  2.0
Ice Magic      | 1 2 |  2.0
Air Magic      | 1 2 |  2.0
Earth Magic    | 1 2 |  2.0
Poison Magic   | 1 2 |  2.0
Throwing       | 3 |  3.6
Armour         | 3 |  3.6
Fighting       | 5 |  5.2
Polearms       | 5 |  5.2
Dodging        | 5 |  5.2
Translocations | |  5.8

Action                   |  1- 3 |  4- 6 |  7- 9 || total
-------------------------+-------+-------+-------++-------
Melee: Spear             |   164 |    58 |       ||   222
       Bite              |    12 |    18 |     1 ||    31
       Punch             |     2 |     4 |     1 ||     7
       Club              |       |   114 |    31 ||   145
  Use: Scroll            |     1 |     8 |       ||     9
 Stab: Sleeping          |     1 |     2 |       ||     3
       Distracted        |       |       |     1 ||     1
Armor: Leather armour    |    28 |    18 |     2 ||    48
Dodge: Dodged            |    75 |    83 |    25 ||   183
